 Dungeon Sprint DCSS version 0.17.2-1-ge4368a0 (webtiles) character file.

3359 mopl the Unseen (level 9, -56/72 HPs)
             Began as a Spriggan Assassin on Aug 23, 2016.
             Was an Elder of Trog.
             Killed from afar by Dowan (59 damage)
             ... with a shard of ice
             ... in the Dungeon (Sprint III: "The Ten Rune Challenge").
             The game lasted 00:02:31 (937 turns).

mopl the Unseen (Spriggan Assassin)                  Turns: 937, Time: 00:02:32

Health: -56/72     AC:  8    Str: 12    XL:     9   Next: 73%
Magic:  10/10      EV: 17    Int: 12    God:    Trog [****..]
Gold:   51         SH:  0    Dex: 21    Spells: 0 memorised, 8 levels left

rFire  . . .     SeeInvis +     a - +2 dagger
rCold  . . .     Clarity  .     c - +0 robe
rNeg   . . .     SustAt   .     (shield restricted)
rPois  .         Gourm    .     (helmet restricted)
rElec  .         Spirit   .     d - +0 cloak
rCorr  .         Warding  .     (gloves unavailable)
rMut   .         NoTele   +     (boots unavailable)
MR     +....                    (no amulet)
Stlth  ..........               (no ring)
                                (no ring)

@: berserking, very quick, somewhat resistant to hostile enchantments, extremely
unstealthy
A: unfitting armour, icy blue scales 1, iridescent scales 1, see invisible,
herbivore 3, speed 3, slow metabolism 2
a: Berserk, Trog's Hand, Brothers in Arms, Burn Spellbooks, Renounce Religion


You were in the Dungeon.
You worshipped Trog.
Trog was greatly pleased with you.
You were not hungry.

You visited 1 branch You collected 51 gold pieces.

Inventory:

Hand Weapons
 a - a +2 dagger (weapon)
 b - a +0 blowgun
 w - a +1 long sword of holy wrath
Missiles
 e - 6 poisoned needles
 f - a curare-tipped needle
Armour
 c - a +0 robe (worn)
 d - a +0 cloak (worn)
Scrolls
 m - a scroll of blinking
 n - a scroll of fog {unknown}
 p - a scroll of torment {unknown}
 q - 5 scrolls of identify
 u - a scroll of holy word {unknown}
 v - 2 scrolls of remove curse
Potions
 h - 2 potions of curing
 i - a potion of heal wounds
 j - a potion of haste
 k - 2 potions of magic
 l - 2 potions of berserk rage {!q}
 o - 2 potions of might
 s - 2 potions of cure mutation {unknown}
 t - 3 potions of flight
Comestibles
 g - a bread ration
 r - 4 fruits
 x - a royal jelly


   Skills:
 + Level 5.9 Fighting
 + Level 7.6 Short Blades
 * Level 16.0 Throwing
 - Level 1.5 Dodging
 + Level 17.8 Stealth


You had 8 spell levels left.
You didn't know any spells.

Dungeon Overview and Level Annotations

Branches:
Dungeon (1/1)

Altars:
Cheibriados
Dithmenos
Elyvilon
Fedhas
Gozag
Kikubaaqudgha
Makhleb
Nemelex Xobeh
Okawaru
Qazlal
Ru
Sif Muna
Trog
Vehumet
Xom
Yredelemnul
Zin
The Shining One
Jiyva
Lugonu

Annotations:
D Dowan


Innate Abilities, Weirdness & Mutations

You are tiny and cannot use many weapons and most armour.
You have supernaturally acute eyesight.
You are a herbivore.
You cover ground extremely quickly.
You need consume almost no food.
You are partially covered in icy blue scales (AC +1).
You are partially covered in iridescent scales (AC +4).


Message History

* * * LOW HITPOINT WARNING * * *
You feel a strange sense of stasis.
You closely miss Dowan.
Dowan is moderately wounded.
You closely miss Dowan.
Dowan is moderately wounded.
You puncture Dowan!
Dowan is moderately wounded.
Dowan mumbles some strange words.
Dowan blinks!
You puncture Dowan!
Dowan is heavily wounded.
You hit Dowan.
Dowan is heavily wounded.
You puncture Dowan!
Dowan is severely wounded.
Dowan gestures at you while chanting. The shard of ice hits you!
Ouch! That really hurt!
You die...

'.#§§§#.#.#)).#.#.#.#.#
#.#§§§#...#...##.#.#.#
▓▓▓▓▓▓▓▓▓▓▓▓▓▓#.#.#.#
##.#.#.# +.#.#.#.#
##.#.#.## ##'#####
#...+ #.@.# #§.e# #####


You could see Dowan.

Vanquished Creatures
  Snorg (D)
  A centaur warrior (D)
  An unseen horror (D)
  Duvessa (D)
  A deep elf priest (D)
  A shadow (D)
  A necrophage (D)
  An earth elemental (D)
  2 centaurs (D)
  A water elemental (D)
  A wizard (D)
  Crazy Yiuf (D)
  A jelly (D)
  A necromancer (D)
  A kobold demonologist (D)
  3 humans (D)
  An ooze (D)
  3 rats (D)
23 creatures vanquished.

Vanquished Creatures (others)
  2 draconian scorchers (D)
  2 yaktaurs (D)
  2 plants (D)
6 creatures vanquished.

Grand Total: 29 creatures vanquished

Notes
Turn   | Place    | Note
--------------------------------------------------------------
     0 | D        | mopl the Spriggan Assassin began the quest for the Orb.
     0 | D        | Reached XP level 1. HP: 10/10 MP: 2/2
     5 | D        | Reached skill level 3 in Throwing
     5 | D        | Reached skill level 6 in Stealth
    41 | D        | Reached skill level 5 in Throwing
    41 | D        | Reached skill level 7 in Stealth
    41 | D        | Reached XP level 2. HP: 9/14 MP: 3/3
   126 | D        | Killed a yaktaur
   146 | D        | Noticed a water elemental
   149 | D        | Killed a water elemental
   149 | D        | Reached skill level 7 in Throwing
   149 | D        | Reached skill level 9 in Stealth
   149 | D        | Reached XP level 3. HP: 18/18 MP: 4/4
   149 | D        | Reached XP level 4. HP: 22/22 MP: 5/5
   153 | D        | Noticed Crazy Yiuf
   185 | D        | Killed Crazy Yiuf
   185 | D        | Reached skill level 10 in Stealth
   208 | D        | Gained mutation: You are partially covered in iridescent scales (AC +4). [potion of mutation]
   208 | D        | Gained mutation: You are partially covered in icy blue scales (AC +1). [potion of mutation]
   249 | D        | Killed a white draconian scorcher
   270 | D        | Killed a white draconian scorcher
   298 | D        | Found an iron altar of Okawaru.
   299 | D        | Found a bloodstained altar of Trog.
   299 | D        | Noticed a human
   299 | D        | Noticed a human
   301 | D        | Killed a human
   301 | D        | Reached skill level 10 in Throwing
   301 | D        | Reached skill level 12 in Stealth
   301 | D        | Reached XP level 5. HP: 23/25 MP: 6/6
   302 | D        | Killed a human
   302 | D        | Reached skill level 11 in Throwing
   302 | D        | Reached skill level 13 in Stealth
   302 | D        | Reached XP level 6. HP: 27/30 MP: 7/7
   308 | D        | Became a worshipper of Trog the Wrathful
   316 | D        | Found a radiant altar of Vehumet.
   317 | D        | Found a deep blue altar of Sif Muna.
   317 | D        | Found an ancient bone altar of Kikubaaqudgha.
   317 | D        | Noticed a wizard
   318 | D        | Killed a wizard
   320 | D        | Reached * piety under Trog
   322 | D        | Reached ** piety under Trog
   343 | D        | Found a glowing silver altar of Zin.
   344 | D        | Found a glowing golden altar of the Shining One.
   344 | D        | Found a white marble altar of Elyvilon.
   344 | D        | Noticed a deep elf priest
   346 | D        | Killed a deep elf priest
   346 | D        | Reached skill level 12 in Throwing
   346 | D        | Reached skill level 14 in Stealth
   346 | D        | Reached XP level 7. HP: 33/33 MP: 8/8
   359 | D        | Found a snail-covered altar of Cheibriados.
   359 | D        | Noticed a necrophage
   360 | D        | Found a basalt altar of Yredelemnul.
   360 | D        | Found a blossoming altar of Fedhas.
   360 | D        | Noticed a necromancer
   361 | D        | Killed a necrophage
   361 | D        | Reached skill level 13 in Throwing
   362 | D        | Killed a necromancer
   362 | D        | Reached *** piety under Trog
   369 | D        | Noticed a jelly
   370 | D        | Noticed a shadow
   372 | D        | Killed a shadow
   372 | D        | Reached skill level 15 in Stealth
   376 | D        | Killed a jelly
   381 | D        | Found a stormy altar of Qazlal.
   382 | D        | Found a sacrificial altar of Ru.
   382 | D        | Found a burning altar of Makhleb.
   382 | D        | Found a viscous altar of Jiyva.
   382 | D        | Found a shimmering altar of Xom.
   382 | D        | Found a shadowy altar of Dithmenos.
   382 | D        | Found a sparkling altar of Nemelex Xobeh.
   382 | D        | Found a corrupted altar of Lugonu.
   382 | D        | Found an opulent altar of Gozag.
   382 | D        | Noticed a spatial vortex
   392 | D        | Noticed Snorg
   400 | D        | Killed Snorg
   400 | D        | Received a gift from Trog
   400 | D        | Reached skill level 3 in Fighting
   400 | D        | Reached skill level 5 in Short Blades
   400 | D        | Reached skill level 14 in Throwing
   400 | D        | Reached skill level 16 in Stealth
   400 | D        | Reached XP level 8. HP: 10/42 MP: 9/9
   421 | D        | Killed a yaktaur
   636 | D        | Noticed an earth elemental
   639 | D        | Killed an earth elemental
   639 | D        | Reached skill level 4 in Fighting
   644 | D        | Noticed a centaur
   644 | D        | Noticed a centaur warrior
   644 | D        | Noticed a centaur
   661 | D        | Killed a centaur warrior
   661 | D        | Reached skill level 5 in Fighting
   661 | D        | Reached skill level 6 in Short Blades
   661 | D        | Reached skill level 15 in Throwing
   661 | D        | Reached skill level 17 in Stealth
   661 | D        | Reached XP level 9. HP: 29/47 MP: 10/10
   663 | D        | Killed a centaur
   664 | D        | Killed a centaur
   664 | D        | Reached **** piety under Trog
   664 | D        | Received a gift from Trog
   910 | D        | Noticed an unseen horror
   912 | D        | Killed an unseen horror
   912 | D        | Reached skill level 7 in Short Blades
   915 | D        | Noticed Dowan
   915 | D        | Noticed Duvessa
   919 | D        | Killed Duvessa
   919 | D        | Received a gift from Trog
   919 | D        | Reached skill level 16 in Throwing
   931 | D        | HP: 2/72 [Dowan/morningstar of distortion (7)]
   937 | D        | Killed from afar by Dowan

Action                   |  1- 3 |  4- 6 |  7- 9 || total
-------------------------+-------+-------+-------++-------
Melee: Dagger            |    14 |     5 |    35 ||    54
 Fire: Blowgun           |       |     5 |     8 ||    13
Invok: Burn Spellbooks   |       |     1 |       ||     1
       Berserk           |       |       |     3 ||     3
  Use: Potion            |       |     1 |       ||     1
 Stab: Sleeping          |     4 |     5 |     8 ||    17
